 Dungeon Crawl Stone Soup version 0.30-a0-125-g51eefa89be (webtiles) character file.

Game seed: 11511042815355885406

250766 jfcaron the Ruinous (level 21, -4/184 HPs)
             Began as a Meteoran Fire Elementalist on Sept 3, 2022.
             Was the Champion of Dithmenos.
             Shot with an arrow by a deep elf master archer (24 damage)
             ... on level 3 of the Elven Halls on Sept 19, 2022.
             The game lasted 04:02:14 (15641 turns).

jfcaron the Ruinous (Meteoran Fire Elementalist)   Turns: 15641, Time: 04:02:17

Health: -4/184     AC: 19    Str: 13    XL:     21   Next: 29%
Magic:  9/45       EV: 15    Int: 34    God:    Dithmenos [******]
Gold:   2055       SH:  0    Dex: 17    Spells: 6/40 levels left

rFire   + . .      SeeInvis .    A - staff of fire
rCold   + + .      Faith    .    w - +3 buckler {AC+3}
rNeg    . . .      Spirit   .    J - +3 leather armour {Will+}
rPois   +          Reflect  .    h - +2 helmet {Int+3}
rElec   .          Harm     .    a - scarf {repulsion}
rCorr   .          Rampage  .    p - +2 pair of gloves {Str+3}
Will    +++..                    r - +2 pair of boots {Fly}
Stlth   +.........               g - amulet of regeneration
HPRegen 1.20/turn                v - ring "Soptikke" {Drain Fly rPois rC++ Int+4}
MPRegen 0.29/turn                C - ring of magical power

@: confused, ambrosia-drunk, flying, glowing, repel missiles
A: sense surroundings 3, otherworldly, glowing, explore regen
}: 2/15 runes: barnacled, gossamer
a: Renounce Religion, Shadow Step, Shadow Form


You were on level 3 of the Elven Halls.
You worshipped Dithmenos.
Dithmenos was exalted by your worship.
You visited 7 branches of the dungeon, and saw 34 of its levels.
You visited 1 bazaar.
You also visited: Gauntlet.

You collected 3415 gold pieces.
You spent 1360 gold pieces at shops.

Inventory:

Missiles
 k - 5 curare-tipped darts {!f}
 m - 40 poisoned darts
 n - 9 silver javelins {!f}
 x - 10 throwing nets {!f}
Armour
 a - a scarf of repulsion (worn)
 h - a +2 helmet of intelligence (worn)
 p - a +2 pair of gloves of strength (worn)
 r - a +2 pair of boots of flying (worn)
 u - a +0 kite shield of reflection
 w - a +3 buckler of protection (worn)
 z - a +2 robe of fire resistance
 J - a +3 leather armour of willpower (worn)
Magical Staves
 A - a staff of fire (weapon)
Jewellery
 g - an amulet of regeneration (around neck)
 o - the ring "Aschaex" {rC+ Int+6}
   (You found it in a Gauntlet)

   [ring of protection from cold]

   Int:       It affects your intelligence (+6).
   rC:        It protects you from cold.
 v - the ring "Soptikke" (left hand) {Drain Fly rPois rC++ Int+4}
   (You took it off a minotaur in a Gauntlet)

   [ring of flight]

   Int:       It affects your intelligence (+4).
   rC:        It greatly protects you from cold.
   rPois:     It protects you from poison.
   Fly:       It grants you flight.
   Drain:     It drains your maximum health when unequipped.
 C - a ring of magical power (right hand)
 D - the ring "Bexer" {rElec rCorr Str+4}
   (You took it off a merfolk on level 4 of the Shoals)

   [ring of resist corrosion]

   Str:       It affects your strength (+4).
   rElec:     It insulates you from electricity.
   rCorr:     It protects you from acid and corrosion.
 O - a ring of see invisible
 S - a ring of wizardry
Wands
 i - a wand of roots (7)
 s - a wand of digging (7)
 t - a wand of mindburst (30)
 B - a wand of polymorph (7)
 K - a wand of charming (14)
Scrolls
 e - 4 scrolls of vulnerability
 f - a scroll of summoning
 l - 5 scrolls of fog
 q - 2 scrolls of silence
 y - 2 scrolls of amnesia
 E - 7 scrolls of fear
 G - 2 scrolls of immolation
 H - 12 scrolls of teleportation
 L - a scroll of poison
 P - 3 scrolls of enchant armour
 R - 6 scrolls of blinking
 U - a scroll of magic mapping
 Y - 3 scrolls of identify
Potions
 b - 6 potions of ambrosia
 c - 21 potions of curing
 d - 3 potions of mutation
 j - 4 potions of lignification
 F - 6 potions of haste
 I - 2 potions of magic
 T - 2 potions of resistance
 W - 12 potions of heal wounds
 X - 3 potions of brilliance
Miscellaneous
 M - a box of beasts
 N - a phantom mirror
 Q - a tin of tremorstones (inert)
 V - a phial of floods
 Z - a condenser vane (inert)


   Skills:
 - Level 15.0 Fighting
 - Level 7.4 Armour
 - Level 7.0 Dodging
 - Level 1.4 Stealth
 - Level 5.0 Shields
 - Level 10.0 Spellcasting
 + Level 24.0 Conjurations
 - Level 5.0 Transmutations
 + Level 24.0 Fire Magic
 - Level 6.1 Earth Magic
 - Level 5.0 Invocations


You had 6 spell levels left.
You knew the following spells:

 Your Spells              Type           Power      Damage    Failure   Level
a - Foxfire               Conj/Fire      100%       2x1d9     0%          1
b - Scorch                Fire           100%       2d10      0%          2
c - Fireball              Conj/Fire      67%        3d25      0%          5
d - Flame Wave            Conj/Fire      100%       2d21      0%          4
e - Orb of Destruction    Conj           55%        9d14      1%          7
f - Passwall              Tmut/Erth      44%        N/A       1%          2
g - Ignite Poison         Fire/Tmut/Pois 90%        N/A       1%          3
h - Sticky Flame          Conj/Fire      100%       2d11      0%          4
i - Lee's Rapid Deconstr  Erth           28%        3d16*     9%          5
j - Sandblast             Erth           100%       2d20      1%          1

Your spell library contained the following spells:

 Spells                   Type           Power      Damage    Failure   Level
 Iskenderun's Battlesphe  Conj           100%       2d15      0%          5
 Shock                    Conj/Air       100%       1d9       1%          1
 Wereblood                Tmut           50%        N/A       1%          2
 Dazzling Flash           Conj/Hex       100%       N/A       1%          3
 Inner Flame              Hex/Fire       99%        N/A       1%          3
 Kindle Blastsparks       Fire/Tloc/Air  100%       2d18      1%          3
 Mephitic Cloud           Conj/Pois/Air  64%        N/A       1%          3
 Stone Arrow              Conj/Erth      100%       3d13      1%          3
 Fulminant Prism          Conj/Hex       39%        3d18      1%          4
 Hailstorm                Conj/Ice       78%        3d16      1%          4
 Iskenderun's Mystic Bla  Conj/Tloc      78%        2d16      1%          4
 Irradiate                Conj/Tmut      43%        3d26      1%          5
 Lightning Bolt           Conj/Air       39%        1d57      1%          5
 Starburst                Conj/Fire      67%        6d17      1%          6
 Necrotise                Necr           68%        1d7       4%          1
 Summon Small Mammal      Summ           68%        N/A       4%          1
 Petrify                  Tmut/Erth      53%        N/A       4%          4
 Freezing Cloud           Conj/Ice/Air   32%        6-21      4%          5
 Conjure Ball Lightning   Conj/Air       39%        3x3d13    4%          6
 Sublimation of Blood     Necr           17%        N/A       6%          2
 Call Canine Familiar     Summ           17%        N/A       12%         3
 Gell's Gravitas          Tloc           17%        N/A       12%         3
 Summon Guardian Golem    Hex/Summ       17%        N/A       12%         3
 Swiftness                Air            17%        N/A       12%         3
 Teleport Other           Tloc           17%        N/A       12%         3
 Vampiric Draining        Necr           17%        2d7       12%         3
 Leda's Liquefaction      Hex/Erth       19%        N/A       12%         4
 Blade Hands              Tmut           25%        N/A       14%         5
 Airstrike                Air            8%         2d(2-18)  38%         4
 Summon Lightning Spire   Summ/Air       17%        N/A       38%         4
 Yara's Violent Unravell  Hex/Tmut       17%        3d8       38%         5
 Statue Form              Tmut/Erth      35%        N/A       54%         6
 Agony                    Necr           17%        N/A       75%         5
 Metabolic Englaciation   Hex/Ice        8%         N/A       75%         5
 Silence                  Hex/Air        8%         N/A       75%         5
 Dispersal                Tloc           8%         N/A       99%         6
 Summon Cactus Giant      Summ           8%         N/A       99%         6
 Fire Storm               Conj/Fire      67%        8d17      22%         9
 Spellforged Servitor     Conj/Summ      39%        N/A       26%         7
 Dragon Form              Tmut           25%        N/A       99%         7
 Summon Hydra             Summ           8%         N/A       100%        7
 Disjunction              Tloc           8%         N/A       100%        8


Dungeon Overview and Level Annotations

Branches:
Dungeon (15/15) Zot: 1924  Temple (1/1) D:5 Zot: 560    Lair (5/5) D:9 Zot: 104
 Shoals (4/4) Lair:3 Zot: 873  Spider (4/4) Lair:3 Zot: 174   Slime (0/5) Lair:5
    Orc (2/2) D:10 Zot: 434     Elf (3/3) Orc:2 Zot: 997  Vaults (0/5) D:14
 Depths (0/4) D:15        Gauntlet (visited)

Altars:
Ashenzari
Cheibriados
Dithmenos
Elyvilon
Gozag
Hepliaklqana
Kikubaaqudgha
Makhleb
Nemelex Xobeh
Okawaru
Qazlal
Ru
Sif Muna
Trog
Uskayaw
Vehumet
Wu Jian
Xom
Yredelemnul
Zin
The Shining One
Jiyva

Shops:
D:2 *   D:5 [   Elf:2 !(:   Shoals:2 [

Annotations:
D:11 2 transporters (ice and fire giants)
D:13 1 runed translucent door
Elf:2 3 runed translucent doors


Innate Abilities, Weirdness & Mutations

You passively map a large area around you.
You are easily found by Zot.
You glow in the dark.
You regain HP and MP as you explore.


Message History

You closely miss the deep elf master archer.
The deep elf master archer is heavily wounded.
Your shadow hits the deep elf master archer with a staff.
The deep elf master archer shoots an arrow.
The arrow hits you!
* * * LOW HITPOINT WARNING * * *
The deep elf master archer shoots an arrow.
The arrow closely misses you.
The deep elf master archer shoots an arrow.
The arrow misses you.
You hit the deep elf master archer. You burn the deep elf master archer.
The deep elf master archer is severely wounded.
Your shadow closely misses the deep elf master archer.
The deep elf master archer shoots an arrow.
The arrow hits you!!
* * * LOW HITPOINT WARNING * * *
The deep elf master archer shoots an arrow.
You block the arrow.
You closely miss the deep elf master archer.
The deep elf master archer is severely wounded.
The deep elf master archer unwields a +0 longbow.
The deep elf master archer hits you but does no damage.
You hit the deep elf master archer. You burn the deep elf master archer.
The deep elf master archer is severely wounded.
Your shadow misses the deep elf master archer.
The deep elf master archer wields a +0 longbow.
The deep elf master archer shoots an arrow.
The arrow misses you.
The deep elf master archer shoots an arrow.
The arrow hits you.
* * * LOW HITPOINT WARNING * * *
You are confused.
You feel invigorated.
The deep elf master archer shoots an arrow.
The arrow hits you!
* * * LOW HITPOINT WARNING * * *
You emit a cloud of dark smoke.
The deep elf master archer shoots an arrow.
The arrow hits you!!
You die... e

#...≈≈)≈≈...# ** .# , *
, . ###..)≈≈)≈≈.))# * .#
,, , * ,
#*#.....≈≈)≈≈).).. .# ,
# #.#...≈≈)≈≈[..### .# ,
, ###.######)######.##
.#* *
##.................##e#
,
#...............§...#.#*
,
')........⌠....§§§§.'.#
* *,
#....)........§§@e§§#.#
* *
##.............§§§§##.#
* ####............§###
## * # ####.......#### #
#########


You could see a deep elf master archer.

Vanquished Creatures
  2 deep elf blademasters (Elf:3)
  A titan (Shoals:4)
  A deep elf master archer (Elf:3)
  2 krakens (Shoals:3)
  Donald (Spider:2)
  Roxanne (D:14)
  2 deep elf sorcerers (Elf:3)
  3 frost giants
  5 emperor scorpions
  Louise (Shoals:1)
  2 ghost moths
  A balrug (Gauntlet)
  2 deep elf elementalists (Elf:3)
  A stone giant (D:15)
  A broodmother (Spider:4)
  A minotaur (Gauntlet)
  5 deep elf annihilators (Elf:3)
  5 deep elf demonologists (Elf:3)
  7 entropy weavers
  4 spark wasps
  Snorg (D:13)
  7 merfolk javelineers
  A fire dragon (D:14)
  3 ettins
  3 deep elf death magi
  2 deep elf high priests (Elf:3)
  11 merfolk impalers
  3 hydras
  10 boulder beetles
  3 jorogumos
  A satyr (Shoals:4)
  7 centaur warriors
  7 merfolk aquamancers
  4 radroaches
  2 two-headed ogres
  A naga warrior (D:13)
  11 dancing weapons
  An alligator snapping turtle (Shoals:1)
  3 merfolk avatars
  6 death yaks (Lair:2)
  A tengu warrior (D:13)
  5 deep elf knights
  3 sun moths
  10 pharaoh ants
  6 skeletal warriors
  11 sea snakes
  9 steelbarb worms
  8 orb spiders
  A wizard (D:14)
  5 deep elf archers
  A kraken simulacrum (Shoals:3)
  12 deep elf zephyrmancers
  A phantasmal warrior (D:14)
  15 deep elf pyromancers
  4 orc knights
  13 harpies
  17 ugly things
  A faun (Shoals:2)
  21 wolf spiders
  17 manticores
  23 cyclopes
  4 moths of wrath
  Joseph (D:9)
  4 black mambas
  12 merfolk sirens
  10 torpor snails
  An ice statue (D:13)
  8 water nymphs
  6 elephants
  10 cane toads
  A gargoyle (D:11)
  A minotaur zombie (Gauntlet)
  A freezing wraith (D:15)
  3 rime drakes
  8 demonic crawlers
  8 komodo dragons
  2 efreet
  5 meliai
  A queen bee (shapeshifter) (D:15)
  5 polar bears
  A polar bear (shapeshifter) (Elf:1)
  12 tarantellas
  38 merfolk
  7 trolls
  15 wind drakes
  3 hornets
  6 slime creatures
  23 blink frogs
  13 dream sheep
  8 snapping turtles
  A jumping spider (shapeshifter) (D:13)
  34 jumping spiders
  2 shadows
  15 culicivoras
  3 vampires
  8 air elementals (Shoals:4)
  A wyvern (Lair:5)
  3 wraiths
  20 water elementals
  22 yaks
  An alligator snapping turtle simulacrum (Shoals:3)
  4 sea snake simulacra (Shoals:3)
  A human (D:9)
  49 redbacks
  A death yak simulacrum (Shoals:3)
  5 fire elementals
  10 vampire mosquitoes
  2 steam dragons
  2 basilisks
  6 wargs
  9 water moccasins
  An acid dragon (shapeshifter) (D:14)
  A hell hound (Gauntlet)
  A meliai simulacrum (D:14)
  2 black bears
  A sky beast (D:6)
  13 orc warriors
  An ice beast (D:5)
  4 satyr simulacra (Shoals:3)
  17 wolves
  A tengu (shapeshifter) (Elf:1)
  11 ogres
  6 centaurs
  2 phantoms
  4 bullfrogs
  4 kobold brigands
  An earth elemental (Elf:2)
  A merfolk simulacrum (Shoals:3)
  A necrophage (D:8)
  3 scorpions (D:5)
  2 faun simulacra (Shoals:3)
  5 wights (D:10)
  2 manticore simulacra (Shoals:3)
  4 snapping turtle simulacra (Shoals:3)
  A howler monkey (D:10)
  3 electric eels
  6 jellies
  Crazy Yiuf (D:3)
  2 gnoll boudas
  6 orc priests
  2 cyclops simulacra (Shoals:3)
  2 hounds
  Jessica (D:3)
  Natasha (thrice) (D:3)
  3 iguanas
  21 orc wizards
  A centaur simulacrum (Shoals:3)
  A boggart simulacrum (D:15)
  8 gnolls
  6 adders
  An ufetubus (D:5)
  A dart slug (D:1)
  67 orcs
  3 endoplasms
  3 giant cockroaches
  7 hobgoblins
  5 jackals
  2 quokkas
  5 ball pythons
  6 bats
  4 frilled lizards
  7 goblins
  A goblin skeleton (D:9)
  31 kobolds
  4 rats
  14 demonic plants (Gauntlet)
  325 foxfires
  20 fungi
  121 plants
  8 tentacles (Shoals:3)
  2 withered plants (Gauntlet)
1527 creatures vanquished.

Notes
Turn   | Place    | Note
-------+----------+-------------------------------------------
     0 | D:1      | jfcaron the Meteoran Fire Elementalist began the quest for
                  | the Orb.
     0 | D:1      | Reached XP level 1. HP: 14/14 MP: 5/5
    69 | D:1      | Found a faded altar of an unknown god.
    73 | D:1      | Reached XP level 2. HP: 20/20 MP: 4/6
    86 | D:1      | Learned a level 2 spell: Scorch
   194 | D:1      | Reached XP level 3. HP: 26/26 MP: 4/8
   254 | D:1      | You fall into a shaft and drop 1 floor!
   323 | D:2      | Learned a level 7 spell: Conjure Flame
   400 | D:2      | Found a bloodstained altar of Trog.
   506 | D:2      | Found Xiull's Assorted Antiques.
   516 | D:2      | Bought a scroll labelled SAMPUH YMMA for 25 gold pieces
   516 | D:2      | Bought a scroll labelled YLIPNE ZENANO for 25 gold pieces
   521 | D:2      | Bought a bubbling yellow potion for 22 gold pieces
   571 | D:3      | Found a snail-covered altar of Cheibriados.
   577 | D:3      | Noticed Jessica
   582 | D:3      | Killed Jessica
   583 | D:3      | Reached XP level 4. HP: 33/33 MP: 4/9
   762 | D:3      | Reached XP level 5. HP: 38/38 MP: 8/10
   767 | D:3      | Learned a level 4 spell: Flame Wave
   783 | D:3      | Noticed Natasha
   801 | D:3      | Killed Natasha
   802 | D:3      | Reached skill level 5 in Fire Magic
   834 | D:4      | Reached XP level 6. HP: 45/45 MP: 4/11
   852 | D:4      | Reached skill level 5 in Conjurations
   868 | D:3      | Noticed Natasha
   872 | D:3      | Killed Natasha
  1074 | D:3      | Noticed Natasha
  1082 | D:3      | Killed Natasha
  1123 | D:3      | Found an ornate altar of the Wu Jian Council.
  1199 | D:3      | Found a runed translucent door.
  1200 | D:3      | Noticed Crazy Yiuf
  1206 | D:3      | Killed Crazy Yiuf
  1207 | D:3      | Reached skill level 1 in Fighting
  1270 | D:4      | Identified the +4 ring mail of Jib Xuth {rC+ Will- Int+4}
  1294 | D:5      | Entered Level 5 of the Dungeon
  1428 | D:5      | Found Joerixtoju's Armour Boutique.
  1431 | D:5      | Bought a +0 pair of gloves for 58 gold pieces
  1486 | D:4      | Reached XP level 7. HP: 52/52 MP: 10/13
  1563 | D:5      | Found a hazy altar of Hepliaklqana.
  1589 | D:5      | Found a staircase to the Ecumenical Temple.
  1596 | Temple   | Entered the Ecumenical Temple
  1596 | Temple   | Found a transporter.
  1596 | Temple   | Found a transporter.
  1598 | Temple   | Found a transporter.
  1598 | Temple   | Found a transporter.
  1669 | D:5      | Reached XP level 8. HP: 38/62 MP: 3/15
  1892 | D:5      | Found a burning altar of Makhleb.
  2033 | D:6      | Upgraded the game from 0.30-a0-49-g1cef19eb02 to
                  | 0.30-a0-50-gb2d611f6b1
  2100 | D:6      | Reached skill level 5 in Dodging
  2100 | D:6      | Reached skill level 5 in Spellcasting
  2123 | D:6      | Found a shimmering altar of Xom.
  2253 | D:6      | Gained mutation: You passively map the area around you.
                  | [Meteoran growth]
  2253 | D:6      | Reached XP level 9. HP: 71/71 MP: 12/17
  2448 | D:7      | Learned a level 3 spell: Inner Flame
  2515 | D:7      | Reached skill level 5 in Fighting
  2664 | D:8      | Learned a level 2 spell: Passwall
  2703 | D:8      | Found a sparkling altar of Nemelex Xobeh.
  2716 | D:9      | Found a runed translucent door.
  2792 | D:7      | Reached XP level 10. HP: 81/81 MP: 18/18
  2833 | D:7      | Found a shimmering blue altar of Sif Muna.
  2949 | D:7      | Learned a level 3 spell: Ignite Poison
  3141 | D:9      | Noticed Joseph
  3149 | D:9      | HP: 16/81 [Joseph/+0 quarterstaff (7)]
  3150 | D:9      | Killed Joseph
  3167 | D:9      | HP: 14/81 [vampire/vampiric draining (20)]
  3170 | D:9      | Reached skill level 10 in Conjurations
  3170 | D:9      | Reached skill level 10 in Fire Magic
  3178 | D:9      | Found a basalt altar of Yredelemnul.
  3185 | D:9      | Reached skill level 1 in Transmutations
  3196 | D:9      | Found a shadowy altar of Dithmenos.
  3214 | D:9      | Became a worshipper of Dithmenos the Shadowed
  3293 | D:10     | Entered Level 10 of the Dungeon
  3411 | D:9      | Found a staircase to the Lair.
  3428 | D:9      | Reached * piety under Dithmenos
  3476 | D:9      | Reached XP level 11. HP: 74/91 MP: 16/19
  3512 | D:9      | HP: 18/91 [orc warrior/+0 trident (16)]
  3533 | D:9      | Found a glowing silver altar of Zin.
  3535 | D:9      | Found a white marble altar of Elyvilon.
  3537 | D:9      | Found a glowing golden altar of the Shining One.
  3605 | Lair:1   | Entered Level 1 of the Lair of Beasts
  3607 | Lair:1   | Noticed a black mamba
  3613 | Lair:1   | Killed a black mamba
  3614 | Lair:1   | Reached skill level 5 in Transmutations
  3890 | Lair:1   | Noticed a black mamba
  3897 | Lair:1   | Killed a black mamba
  3906 | Lair:1   | Learned a level 4 spell: Sticky Flame
  4055 | Lair:1   | Noticed a black mamba
  4060 | Lair:1   | Killed a black mamba
  4183 | Lair:2   | Noticed a death yak
  4183 | Lair:2   | Noticed a death yak
  4183 | Lair:2   | Noticed a death yak
  4184 | Lair:2   | Noticed a death yak
  4185 | Lair:2   | Noticed a death yak
  4193 | Lair:2   | Killed a death yak
  4197 | Lair:2   | Killed a death yak
  4198 | Lair:2   | Killed a death yak
  4199 | Lair:2   | Reached XP level 12. HP: 33/103 MP: 10/23
  4199 | Lair:2   | Killed a death yak
  4201 | Lair:2   | HP: 14/103 [death yak (22)]
  4202 | Lair:2   | Killed a death yak
  4323 | Lair:3   | Noticed a four-headed hydra
  4329 | Lair:3   | Killed a four-headed hydra
  4333 | Lair:3   | Reached ** piety under Dithmenos
  4342 | Lair:2   | Learned a level 5 spell: Lee's Rapid Deconstruction
  4421 | Lair:3   | Reached skill level 1 in Earth Magic
  4470 | Lair:2   | Noticed a death yak
  4479 | Lair:2   | Reached skill level 10 in Fighting
  4488 | Lair:2   | Killed a death yak
  4627 | Lair:3   | Learned a level 1 spell: Sandblast
  4638 | Lair:3   | Reached skill level 1 in Invocations
  4652 | Lair:3   | Found a staircase to the Shoals.
  4718 | Lair:4   | Reached XP level 13. HP: 84/113 MP: 17/27
  4746 | Lair:3   | Found a hole to the Spider Nest.
  4779 | Lair:3   | Reached skill level 5 in Earth Magic
  5029 | Lair:4   | Reached skill level 10 in Spellcasting
  5061 | Lair:4   | Reached skill level 5 in Invocations
  5067 | Lair:4   | Got Berol's Compilation of the Dynamic Pyre
  5179 | Lair:5   | Entered Level 5 of the Lair of Beasts
  5249 | Lair:5   | Found a gate leading to a gauntlet.
  5270 | Gauntlet | Entered a Gauntlet
  5270 | Gauntlet | Found a transporter.
  5279 | Gauntlet | Found a transporter.
  5294 | Gauntlet | Found a transporter.
  5296 | Gauntlet | Noticed a balrug
  5301 | Gauntlet | Found a transporter.
  5301 | Gauntlet | Noticed a great orb of eyes
  5316 | Gauntlet | Found a transporter.
  5335 | Gauntlet | Found a transporter.
  5347 | Gauntlet | Found a transporter.
  5357 | Gauntlet | Noticed a dire elephant
  5359 | Gauntlet | Found a transporter.
  5368 | Gauntlet | Noticed a great orb of eyes
  5371 | Gauntlet | Found a transporter.
  5383 | Gauntlet | Found a transporter.
  5400 | Gauntlet | Found a transporter.
  5417 | Gauntlet | Found a transporter.
  5419 | Gauntlet | Found a transporter.
  5450 | Gauntlet | Found a transporter.
  5460 | Gauntlet | Found a transporter.
  5469 | Gauntlet | Found a transporter.
  5474 | Gauntlet | Found a transporter.
  5477 | Gauntlet | Got the Disquisition on Shaping
  5560 | Gauntlet | Identified the ring "Aschaex" {rC+ Int+6}
  5565 | Gauntlet | Identified the +4 dagger of Lyafriybb {flame, rF+ rCorr
                  | Str+2 Int-5}
  5582 | Gauntlet | Identified the +4 shortbow of Osixtu {freeze, *Slow rC+
                  | Int+3 Dex+3}
  5582 | Gauntlet | Identified the ring "Soptikke" {Drain Fly rPois rC++ Int+4}
  5582 | Gauntlet | Noticed a minotaur
  5589 | Gauntlet | HP: 16/113 [minotaur/+3 vorpal executioner's axe (17)]
  5601 | Gauntlet | Killed a minotaur
  5610 | Gauntlet | Killed a balrug
  5622 | Gauntlet | Identified the ring "Faurheynt" {rC+ Str+2 Int+3}
  5664 | Lair:5   | Reached *** piety under Dithmenos
  5679 | Lair:5   | Found a staircase to the Slime Pits.
  5679 | Lair:5   | Found a viscous altar of Jiyva.
  5724 | Lair:5   | Noticed an eight-headed hydra
  6007 | Lair:5   | Reached XP level 14. HP: 100/121 MP: 15/29
  6027 | Lair:5   | HP: 23/121 [manticore (11)]
  6188 | Lair:5   | Identified the +10 long sword "Gutuadau" {holy, rF+ Int+2}
  6286 | Lair:5   | Reached **** piety under Dithmenos
  6738 | D:5      | Bought a +3 leather armour of willpower for 312 gold pieces
  6861 | D:10     | Reached skill level 1 in Armour
  7043 | D:10     | Reached skill level 15 in Conjurations
  7068 | D:10     | Found a stormy altar of Qazlal.
  7116 | D:10     | Found a staircase to the Orcish Mines.
  7136 | Orc:1    | Entered Level 1 of the Orcish Mines
  7173 | Orc:1    | Noticed an ettin
  7179 | Orc:1    | Reached skill level 15 in Fire Magic
  7323 | D:10     | Found a broken altar of Ashenzari.
  7469 | D:11     | Found a transporter.
  7471 | D:11     | Noticed a frost giant
  7471 | D:11     | Noticed a fire giant
  7479 | D:11     | Found a flickering gateway to a bazaar.
  7500 | Bazaar   | Entered a bazaar
  7500 | Bazaar   | Found Veruibea's Magic Scroll Boutique.
  7500 | Bazaar   | Found Oloashr Bilys's Jewellery Shoppe.
  7500 | Bazaar   | Found Byluof's Armour Shop.
  7500 | Bazaar   | Found Focuunu's Antique Armour Shoppe.
  7502 | Bazaar   | Found Guor's Book Emporium.
  7542 | Bazaar   | Bought a scroll of silence for 76 gold pieces
  7542 | Bazaar   | Bought a scroll of identify for 16 gold pieces
  7542 | Bazaar   | Bought a scroll of teleportation for 24 gold pieces
  7542 | Bazaar   | Bought a scroll of blinking for 60 gold pieces
  7542 | Bazaar   | Bought a scroll of identify for 16 gold pieces
  7558 | Bazaar   | Bought a pair of glowing boots for 157 gold pieces
  7580 | Bazaar   | Bought the -2 buckler "Nobeupitt" {rElec Regen+ Stlth-} for
                  | 56 gold pieces
  7753 | D:11     | Found a transporter.
  7784 | D:12     | Upgraded the game from 0.30-a0-50-gb2d611f6b1 to
                  | 0.30-a0-51-g784eafce7f
  7784 | D:12     | Upgraded the game from 0.30-a0-51-g784eafce7f to
                  | 0.30-a0-55-g90e3122c3a
  7973 | D:12     | Learned a level 7 spell: Orb of Destruction
  8066 | D:12     | Reached skill level 1 in Shields
  8322 | D:13     | Reached skill level 5 in Armour
  8398 | D:14     | Reached XP level 15. HP: 108/126 MP: 24/30
  8414 | D:13     | Found a runed translucent door.
  8422 | D:13     | Found a runed translucent door.
  8441 | D:13     | Found a runed translucent door.
  8444 | D:13     | Noticed Snorg
  8451 | D:13     | Killed Snorg
  8494 | D:13     | Found a runed translucent door.
  8630 | D:13     | Reached ***** piety under Dithmenos
  8637 | D:13     | Found a large runed translucent door.
  8637 | D:13     | Found a large runed translucent door.
  8650 | D:13     | Found an iron altar of Okawaru.
  8650 | D:13     | Found an iron altar of Okawaru.
  8663 | D:13     | HP: 24/126 [orc knight/+0 broad axe (39)]
  8915 | D:14     | Reached skill level 5 in Shields
  8944 | D:14     | Found a gate to the Vaults.
  8974 | D:15     | Entered Level 15 of the Dungeon
  9075 | D:14     | Found a sacrificial altar of Ru.
  9367 | D:14     | Noticed Roxanne
  9463 | D:14     | Killed Roxanne
  9598 | D:15     | Found a staircase to the Depths.
  9599 | D:15     | Noticed a stone giant
  9612 | D:15     | Reached XP level 16. HP: 124/134 MP: 13/31
  9791 | D:15     | Identified the +4 robe "Jixeasim" {Dex+5}
 10551 | Orc:1    | Reached ****** piety under Dithmenos
 10557 | Orc:1    | Glimpsed the power of Zot.
 10586 | Orc:1    | Identified the +8 rapier of Distant Worlds {vorpal, rCorr
                  | Dex+4}
 10589 | Orc:1    | Noticed a frost giant
 10597 | Orc:1    | Killed a frost giant
 10607 | Orc:1    | Glimpsed the power of Zot.
 10626 | Orc:1    | Identified the ring "Gatyps" {rC+ Slay+4 Stlth+}
 10641 | Orc:2    | Entered Level 2 of the Orcish Mines
 10682 | Orc:2    | Upgraded the game from 0.30-a0-55-g90e3122c3a to
                  | 0.30-a0-123-g91d0c66ccf
 10887 | Spider:1 | Entered Level 1 of the Spider Nest
 11177 | Spider:2 | Reached XP level 17. HP: 121/140 MP: 16/32
 11267 | Spider:1 | Learned a level 5 spell: Fireball
 11390 | Spider:2 | Upgraded the game from 0.30-a0-123-g91d0c66ccf to
                  | 0.30-a0-125-g51eefa89be
 11430 | Spider:2 | Noticed Donald
 11441 | Spider:2 | Killed Donald
 12091 | Spider:4 | Entered Level 4 of the Spider Nest
 12132 | Spider:4 | Gained mutation: You passively map a large area around you.
                  | [Meteoran growth]
 12132 | Spider:4 | Reached XP level 18. HP: 99/151 MP: 10/33
 12396 | Spider:4 | Got a gossamer rune of Zot
 12850 | Spider:2 | Learned a level 5 spell: Fireball
 13129 | Shoals:1 | Entered Level 1 of the Shoals
 13144 | Shoals:1 | Noticed Louise
 13162 | Shoals:1 | Killed Louise
 13199 | Shoals:1 | Reached XP level 19. HP: 142/163 MP: 31/34
 13477 | Shoals:2 | Identified the +12 spear of Inconvenience {vorpal, *Noise
                  | rN+ Int+9 Stlth+}
 13729 | Shoals:2 | Found Vubrybe's Armour Emporium.
 14022 | Shoals:3 | Found a runed translucent gate.
 14022 | Shoals:3 | Found a runed translucent gate.
 14022 | Shoals:3 | Found a runed translucent gate.
 14137 | Shoals:4 | Entered Level 4 of the Shoals
 14176 | Shoals:4 | Paralysed by an air elemental for 1 turns
 14186 | Shoals:4 | Reached XP level 20. HP: 88/176 MP: 14/35
 14315 | Shoals:4 | Identified the ring "Bexer" {rElec rCorr Str+4}
 14322 | Shoals:4 | Identified the +6 lajatang "Toprarr" {antimagic, Str+3
                  | Int+4}
 14328 | Shoals:4 | Reached skill level 15 in Fighting
 14359 | Shoals:4 | Got a barnacled rune of Zot
 14362 | Shoals:4 | Identified the amulet "Fogan" {Spirit rN+ Stlth+}
 14467 | Shoals:4 | Paralysed by an air elemental for 1 turns
 14845 | Orc:2    | Found a staircase to the Elven Halls.
 14855 | Elf:1    | Entered Level 1 of the Elven Halls
 15244 | Elf:2    | Found Xybres's Book Shop.
 15246 | Elf:2    | Found Bubes's Antique Weapon Boutique.
 15249 | Elf:2    | Found Oclissad's Distillery.
 15265 | Elf:2    | Bought a potion of brilliance for 76 gold pieces
 15265 | Elf:2    | Bought a potion of heal wounds for 95 gold pieces
 15265 | Elf:2    | Bought a potion of curing for 57 gold pieces
 15265 | Elf:2    | Bought a potion of curing for 57 gold pieces
 15265 | Elf:2    | Bought a potion of brilliance for 76 gold pieces
 15265 | Elf:2    | Bought a potion of ambrosia for 152 gold pieces
 15338 | Elf:2    | Found a runed translucent gate.
 15339 | Elf:2    | Found a runed translucent gate.
 15339 | Elf:2    | Found a runed translucent gate.
 15462 | Elf:3    | Entered Level 3 of the Elven Halls
 15545 | Elf:3    | Reached XP level 21. HP: 184/184 MP: 19/36
 15551 | Elf:3    | Identified the amulet of the Mantidfly {Reflect -Tele Str+4
                  | SH+5 Stlth+}
 15591 | Elf:3    | Identified the +3 robe "Dum Oshe" {Str-5 Int+8}
 15595 | Elf:3    | Identified the +9 hand axe "Leviticus" {freeze, Int+2}
 15638 | Elf:3    | HP: 28/184 [deep elf master archer/arrow (21)]
 15641 | Elf:3    | Shot with an arrow by a deep elf master archer

Illustrated notes

Levels and vault maps discovered:
D:1:      co_arrival_two_rings, layout_rooms,
          shapermc_ecumenical_altar_mp_highgroup, serial_glass, glass_columns_a,
          glass_columns_b, minmay_pentomino_u2
D:2:      layout_loops_ring, serial_shops, nicolae_shop_overgrown_old_shop,
          basic_altar, fountainhead, minmay_circle_x
D:3:      layout_basic, lemuel_crystal_altar, nzn_wu_jian_council_hall,
          minmay_quantized, uniq_jessica, uniq_natasha, uniq_crazy_yiuf_cottage
D:4:      layout_cave_pools
D:5:      layout_basic, mainiacjoe_overflow_brackets, overflow_temple_1_default,
          makhleb_altar_promises_db, temple_green, hangedman_glass_garden,
          nicolae_stop_n_shop_2
D:6:      layout_basic, mainiacjoe_overflow_surrounded_room,
          nicolae_eternal_life, grunt_decor_junction
D:7:      layout_cave_pools, mainiacjoe_overflow_chevrons
D:8:      layout_rooms, nemelex_xobeh_ov_fountains_minmay, corner_web_ring,
          minivault_10
D:9:      layout_roguey, good_gods_mini_temple, nicolae_dithmenos_shadow_blocks,
          dk_yredelemnul_ordeal, minmay_misc_feat_diagonals, nzn_life_drinkers,
          uniq_joseph
D:10:     layout_loops_ring, old_standard_altar,
          nicolae_qazlal_scattered_showers, hiddenorc1_lemuel
D:11:     gammafunk_sealed_arena, layout_basic, serial_shops,
          bzr_entry_customers
D:12:     layout_basic
D:13:     okawaru_arena_lexackson, layout_loops_cross,
          minmay_statue_crystal_thing, uniq_snorg, uniq_erolcha
D:14:     layout_basic, david_vaults_4, nicolae_ru_awakened_eye, uniq_roxanne
D:15:     grunt_enter_depths_giant_problem, layout_loops_cross,
          nicolae_twisting_strands
Temple:   hellmonk_temple_divided_pantheon
Lair:1:   layout_cave_pods
Lair:2:   layout_roguey, beast_lair_carwin_3
Lair:3:   layout_gridlike, elwin_shoals_entry_rooms, spider_nest_entry_webs
Lair:4:   layout_layer_cave
Lair:5:   gammafunk_lair_ancient_temple, layout_long_grid,
          minmay_slime_entry_pillars, gauntlet_entry_generic,
          serial_bayou_shore_a
Shoals:1: layout_shoals, uniq_louise
Shoals:2: layout_shoals, serial_shops, nicolae_take_the_stairs
Shoals:3: layout_shoals, nicolae_shoals_beach_cooler
Shoals:4: shoals_end_hellmonk_storm_palace [storm_palace_center_square,
          storm_palace_corner_blocked, storm_palace_corner_narrow,
          storm_palace_corner_grid, storm_palace_corner_narrow]
Spider:1: layout_cave_pods
Spider:2: layout_spider_delve, uniq_donald
Spider:3: nicolae_spider_mines_1, nicolae_spider_jagged_tunnels
Spider:4: hellmonk_spider_rune_bug_friends, einodemon_crawler_minivault
Orc:1:    giant_chief_lemuel, layout_caves
Orc:2:    st_orc_mages, layout_diamond_mine, basic_altar
Elf:1:    minmay_elf_arrival_summoners, layout_geoelf_octagon,
          hangedman_corner_corridor
Elf:2:    nicolae_elf_blades_crystal_corner, layout_geoelf_octagon, drop_trap,
          st_stairs_4, minmay_crystal_room, minmay_shop_star
Elf:3:    elf_hall_gauntlet_narrow, layout_geoelf_octagon, serial_sigils,
          serial_sigils_hangedman_gnaw, serial_sigils_hangedman_stare,
          serial_sigils_hangedman_gut, serial_sigils_hangedman_leer,
          serial_sigils_hangedman_gut, uniq_aizul

Skill      XL: |  1  2  3  4  5  6  7  8  9 10 11 12 13 14 15 16 17 18 19 20 21 |
---------------+----------------------------------------------------------------+-----
Spellcasting   | 3 4 5 7 9 10 | 10.0
Fire Magic     | 4 5 6 9 10 11 12 13 15 17 18 20 21 22 23 24 | 24.0
Conjurations   | 3 4 5 6 9 10 11 12 13 15 17 18 20 21 22 23 24 | 24.0
Dodging        | 3 4 5 6 7 |  7.0
Fighting       | 1 2 3 5 6 8 10 11 13 14 15 | 15.0
Transmutations | 4 5 |  5.0
Earth Magic    | 4 6 |  6.1
Invocations    | 2 5 |  5.0
Armour         | 5 7 |  7.4
Shields        | 2 5 |  5.0
Stealth        | |  1.4

Action                   |  1- 3 |  4- 6 |  7- 9 | 10-12 | 13-15 | 16-18 | 19-21 || total
-------------------------+-------+-------+-------+-------+-------+-------+-------++-------
Melee: Unarmed           |     3 |       |       |       |       |       |       ||     3
       Dagger            |     5 |     5 |     2 |       |       |    17 |       ||    29
       Staff             |       |       |     5 |     6 |    24 |    98 |    59 ||   192
Throw: Dart              |       |       |       |     2 |     8 |     5 |       ||    15
 Cast: Foxfire           |    28 |    31 |    26 |    33 |    40 |    32 |       ||   190
       Scorch            |    10 |    16 |    39 |    76 |   111 |    51 |     3 ||   306
       Flame Wave        |       |       |    14 |    22 |    44 |    66 |    14 ||   160
       Conjure Flame     |       |       |       |     5 |    11 |     1 |       ||    17
       Sticky Flame      |       |       |       |    15 |    51 |    57 |    26 ||   149
       Sandblast         |       |       |       |       |    24 |    13 |    28 ||    65
       Orb of Destructio |       |       |       |       |    36 |    68 |    51 ||   155
       Lee's Rapid Decon |       |       |       |       |    16 |     9 |       ||    25
       Passwall          |       |       |       |       |       |    31 |     4 ||    35
       Fireball          |       |       |       |       |       |    33 |   161 ||   194
       Ignite Poison     |       |       |       |       |       |       |     1 ||     1
Evoke: Wand              |       |     1 |     5 |     2 |    39 |    18 |     5 ||    70
       Tin of tremorston |       |       |       |       |       |     5 |     4 ||     9
       Condenser vane    |       |       |       |       |       |     3 |     3 ||     6
       Box of beasts     |       |       |       |       |       |       |     1 ||     1
       Phantom mirror    |       |       |       |       |       |       |     1 ||     1
  Use: Scroll            |       |     7 |     6 |     3 |    29 |     7 |       ||    52
       Potion            |       |       |     1 |       |     8 |     3 |     3 ||    15
Armor: Robe              |     7 |     6 |    17 |    27 |    43 |       |       ||   100
       Leather armour    |       |       |       |       |    74 |   261 |   103 ||   438
Dodge: Dodged            |    20 |    19 |    35 |    66 |   173 |   319 |   121 ||   753
       Repelled          |       |       |       |       |     1 |     3 |     8 ||    12
Block: Buckler           |       |       |       |       |    20 |   252 |    93 ||   365

Table legend: (Time is in decaauts)
 A = Elapsed time spent in this place.
 B = Non-inter-level travel time spent in this place.
 C = Inter-level travel time spent in this place.
 D = Time resting spent in this place.
 E = Time spent auto-exploring this place.
 F = Levels seen in this place.
 G = Mean time per level.
                   A        B        C        D        E       F      G
               +--------+--------+--------+--------+--------+-----+--------+
         Total |  15774 |  13554 |   2220 |    111 |     26 |  36 |  438.2 |
       Dungeon |   7075 |   6153 |    922 |    111 |     22 |  15 |  471.7 |
        Temple |     39 |     39 |      0 |      0 |      0 |   1 |   39.0 |
          Lair |   2896 |   2190 |    706 |      0 |      0 |   5 |  579.2 |
        Shoals |   1526 |   1415 |    111 |      0 |      4 |   4 |  381.5 |
   Spider Nest |   2225 |   1951 |    274 |      0 |      0 |   4 |  556.2 |
  Orcish Mines |    765 |    602 |    163 |      0 |      0 |   2 |  382.5 |
   Elven Halls |    801 |    759 |     42 |      0 |      0 |   3 |  267.0 |
        Bazaar |     91 |     91 |      0 |      0 |      0 |   1 |   91.0 |
      Gauntlet |    352 |    352 |      0 |      0 |      0 |   1 |  352.0 |
               +--------+--------+--------+--------+--------+-----+--------+

Top non-repeatable levels by time:
    D:14: 731 daAuts
Spider:4: 679 daAuts
   Orc:1: 675 daAuts
  Lair:3: 615 daAuts
  Lair:5: 610 daAuts
  Lair:1: 600 daAuts
Spider:1: 587 daAuts
    D:10: 586 daAuts
     D:3: 584 daAuts
  Lair:4: 562 daAuts
    D:15: 558 daAuts
     D:9: 533 daAuts
  Lair:2: 507 daAuts
    D:13: 502 daAuts
     D:6: 500 daAuts
